 Dungeon Crawl Stone Soup version 0.29-a0-653-gd47aff6735 (console) character file.

Game seed: 4880601326831605531

137639 jejorda2 the Phalangite (level 17, -12/208 HPs)
             Began as a Merfolk Berserker on June 21, 2022.
             Was a High Priest of Trog.
             Killed from afar by Ilsuiw (40 damage)
             ... with a shard of ice
             ... on level 2 of the Shoals.
             The game lasted 01:28:53 (32012 turns).

jejorda2 the Phalangite (Merfolk Berserker)        Turns: 32012, Time: 01:28:53

Health: -12/208    AC: 28    Str: 24    XL:     17   Next: 24%
Magic:  17/17      EV: 16    Int:  8    God:    Trog [*****.]
Gold:   2940       SH:  0    Dex: 19    Spells: 16/16 levels left

rFire   . . .      SeeInvis +   a - +3 glaive (flame)
rCold   . . .      Faith    +   (shield currently unavailable)
rNeg    + . .      Spirit   .   b - +2 chain mail {rPois}
rPois   +          Reflect  .   t - +2 helmet {SInv}
rElec   .          Harm     .   p - +2 cloak
rCorr   .          Rampage  .   x - +2 pair of gloves
Will    +....                   e - +2 pair of boots
Stlth   ..........              D - amulet of faith
HPRegen 1.44/turn               L - ring "Ziups" {+Blink rN+ Dex+6 Slay+2 SInv}
MPRegen 0.15/turn               R - +4 ring of evasion

@: berserking (expiring), weak-willed, strong-willed, regenerating, very quick
A: (nimble swimmer 2), mertail
a: Renounce Religion, Evoke Blink, Berserk, Trog's Hand, Brothers in Arms


You were on level 2 of the Shoals.
You worshipped Trog.
Trog was extremely pleased with you.
You visited 4 branches of the dungeon, and saw 25 of its levels.
You also visited: Sewer, Bailey and Gauntlet.

You collected 2969 gold pieces.
You spent 29 gold pieces at shops.

Inventory:

Hand Weapons
 a - a +3 glaive of flaming (weapon)
 n - a +4 antimagic halberd
Missiles
 c - 208 stones
 f - 12 boomerangs (quivered)
 l - 3 silver boomerangs
 q - 3 boomerangs of dispersal
 r - 26 poisoned darts
 y - 6 curare-tipped darts
 C - 6 throwing nets
 M - 13 javelins
Armour
 b - a +2 chain mail of poison resistance (worn)
 e - a +2 pair of boots (worn)
 p - a +2 cloak (worn)
 t - a +2 helmet of see invisible (worn)
 x - a +2 pair of gloves (worn)
Jewellery
 v - a ring of fire
 D - an amulet of faith (around neck)
 L - the ring "Ziups" (left hand) {+Blink rN+ Dex+6 Slay+2 SInv}
   (You found it on level 1 of the Lair of Beasts)

   [ring of dexterity]

   Dex:       It affects your dexterity (+6).
   Slay:      It affects your accuracy & damage with ranged weapons and melee
   (+2).
   rN:        It protects you from negative energy.
   SInv:      It lets you see invisible.
   +Blink:    It lets you blink.
 Q - a ring of ice
 R - a +4 ring of evasion (right hand)
Wands
 i - a wand of flame (20)
 E - a wand of quicksilver (8)
 F - a wand of polymorph (11)
 I - a wand of mindburst (9)
 J - a wand of iceblast (26)
 T - a wand of charming (11)
Scrolls
 h - 3 scrolls of fear
 k - 4 scrolls of teleportation
 o - 6 scrolls of fog
 A - a scroll of poison
 B - a scroll of brand weapon
 K - a scroll of silence
 N - a scroll of summoning
 O - a scroll of enchant weapon
 W - 4 scrolls of blinking
 X - 2 scrolls of magic mapping
Potions
 d - 8 potions of flight
 g - 3 potions of heal wounds
 j - 3 potions of ambrosia
 m - 3 potions of cancellation
 s - 17 potions of curing
 u - 3 potions of mutation
 w - 9 potions of haste
 z - 4 potions of berserk rage
 G - 2 potions of resistance
 H - 2 potions of attraction
 P - a potion of lignification
 U - a potion of might
 Y - a potion of invisibility
Miscellaneous
 S - a lightning rod (4/4)
 V - a phial of floods


   Skills:
 - Level 14.0 Fighting
 + Level 21.8 Polearms
 + Level 13.6 Throwing
 - Level 12.0 Armour
 - Level 6.0 Dodging
 - Level 7.0 Evocations


You had 16 spell levels left.
You didn't know any spells.
Your spell library was empty.

Dungeon Overview and Level Annotations

Branches:
Dungeon (15/15)            Temple (0/1) D:6            Lair (6/6) D:9
 Shoals (2/4) Lair:2        Snake (0/4) Lair:2        Slime (0/5) Lair:6
    Orc (2/2) D:10            Elf (0/3) Orc:2        Vaults (0/5) D:13
 Depths (0/4) D:15          Sewer (visited)          Bailey (visited)
Gauntlet (visited)

Altars:
Cheibriados
Dithmenos
Kikubaaqudgha
Sif Muna
Vehumet
Xom
Zin
Jiyva
Lugonu

Shops:
D:10 [   D:13 (   Orc:1 *   Orc:2 *(*:   Shoals:2 =

Portals:
Abyss: Shoals:1

Annotations:
D:15 exclusion: obsidian statue
Shoals:1 3 runed translucent doors, 4 exclusions, chrisa4242's ghost, journeyman GrAK
Shoals:2 Ilsuiw


Innate Abilities, Weirdness & Mutations

((You are very nimble when in or above water. (Stealth+, EV+, Speed+++)))
Your lower body shifts to a powerful aquatic tail in water.


Message History

Ilsuiw is moderately wounded.
The merfolk is engulfed in poison gas.
The merfolk looks as sick as possible!
The merfolk throws a boomerang.
The boomerang hits you!
* * * LOW HITPOINT WARNING * * *
Unknown command.
Reach: a) +3 glaive (flame)
Press: ? - help, Dir - move target, f/p - Ilsuiw
Aim: Ilsuiw, wielding a +4 trident of freezing and wearing a +2 robe of positive energy (poison gas, moderately wounded, extremely poisoned, ally target, about 43% to evade your +3 glaive of flaming)
You reach to attack!
You closely miss Ilsuiw.
Ilsuiw is moderately wounded.
Ilsuiw is engulfed in poison gas.
Ilsuiw looks as sick as possible!
Ilsuiw hits you from afar with a +4 trident of freezing.
* * * LOW HITPOINT WARNING * * *
Ilsuiw freezes you.
* * * LOW HITPOINT WARNING * * *
Your iron troll is engulfed in poison gas.
Your iron troll is poisoned.
Your iron troll completely misses Ilsuiw.
Your iron troll claws Ilsuiw!!
Your iron troll claws Ilsuiw.
Unknown command.
Reach: a) +3 glaive (flame)
Press: ? - help, Dir - move target, f/p - Ilsuiw
Aim: Ilsuiw, wielding a +4 trident of freezing and wearing a +2 robe of positive energy (poison gas, severely wounded, extremely poisoned, ally target, about 43% to evade your +3 glaive of flaming)
You reach to attack!
You slash Ilsuiw! You burn Ilsuiw.
Ilsuiw is severely wounded.
The merfolk is engulfed in poison gas.
The merfolk looks as sick as possible!
The merfolk hits you but does no damage.
Unknown command.
Reach: a) +3 glaive (flame)
Press: ? - help, Dir - move target, f/p - Ilsuiw
Aim: Ilsuiw, wielding a +4 trident of freezing and wearing a +2 robe of positive energy (poison gas, severely wounded, extremely poisoned, ally target, about 43% to evade your +3 glaive of flaming)
You reach to attack!
You closely miss Ilsuiw.
Ilsuiw is severely wounded.
The merfolk is engulfed in poison gas.
The merfolk looks as sick as possible!
The merfolk hits you from afar with a +0 trident!
* * * LOW HITPOINT WARNING * * *
Ilsuiw is engulfed in poison gas.
Ilsuiw looks as sick as possible!
Ilsuiw casts a spell at you. The shard of ice hits you!!!
You die...

#.≈PPP≈≈≈≈≈≈≈≈≈
##.≈PPPP≈≈≈>≈≈≈≈
##§°°PP§○○☼○☼§§≈≈
#.☼○○§○≈§°≈☼§○°≈≈
#.☼§§§§○☼☼§○○≈§c≈
#.PP§○○m☼m.○§≈≈≈≈
#PP○☼P○T○○§m§§§≈≈
..PPPP§☼)@☼°○§§≈≈
..§○°○°..°.°○○○≈≈
#...#°☼§☼§§§§☼≈≈
.#.#○○§§.○☼°§§≈≈
..§§§..§☼§§§☼○≈≈
..#.#§§○§<.§○☼°≈≈
#..§#☼§.○○§☼§§≈≈
...○°°°°§○○§☼§°≈≈
≈.≈≈≈≈≈.......≈≈≈


You could see Ilsuiw (extremely poisoned, ally target), 2 merfolk, a faun and a
friendly iron troll (summoned, berserk, poisoned).

Vanquished Creatures
  Jorgrun (Orc:1)
  A titan (Shoals:1)
  Gastronok (D:8)
  Agnes (D:14)
  3 stone giants
  Nessos (D:12)
  A minotaur (Gauntlet)
  Josephine (D:15)
  Snorg (D:14)
  An ettin (D:13)
  A merfolk impaler (Shoals:1)
  Harold (D:9)
  4 boulder beetles
  6 hydras
  3 ogre magi
  3 catoblepae
  4 centaur warriors
  4 tengu warriors
  A satyr (Shoals:1)
  Erica (D:11)
  9 two-headed ogres
  A death knight (D:15)
  An alligator (Lair:4)
  3 orc high priests (Orc:2)
  Amaemon (Lair:3)
  A fire crab (Gauntlet)
  A shadow wraith (D:13)
  A sea snake (Shoals:1)
  An orange crystal statue (Gauntlet)
  7 harpies
  A lindwurm (Lair:6)
  A necromancer (Gauntlet)
  12 orc knights
  2 deep elf pyromancers
  4 orc sorcerers
  3 ugly things (D:15)
  A worldbinder (Shoals:1)
  4 fauns
  6 cyclopes
  6 manticores
  Joseph (D:9)
  8 elephants
  Maurice (D:8)
  2 black mambas
  6 merfolk sirens
  2 gargoyles
  2 apocalypse crabs (Shoals:1)
  A water nymph (Shoals:1)
  An orange demon (Lair:3)
  Maggie (D:8)
  2 efreet
  12 cane toads
  2 rime drakes
  7 komodo dragons
  A yaktaur (D:15)
  A freezing wraith (D:15)
  9 trolls
  5 polar bears
  2 merfolk
  4 hornets (Lair:6)
  9 blink frogs
  A slime creature (Lair:3)
  A snapping turtle (Shoals:1)
  2 dream sheep (Lair:6)
  11 spriggans (Lair:6)
  3 wyverns
  9 wraiths
  9 basilisks
  4 fire bats (Gauntlet)
  4 vampire mosquitoes (D:12)
  46 yaks
  2 steam dragons
  3 nagas (Lair:2)
  4 wargs
  A water nymph zombie (Shoals:1)
  A spatial vortex (Shoals:1)
  An acid dragon (D:13)
  17 water moccasins
  An ice beast (D:6)
  31 orc warriors
  3 sky beasts (D:6)
  6 black bears
  18 ogres
  14 centaurs
  5 boggarts (Lair:6)
  23 wolves
  A phantom (D:4)
  5 kobold brigands
  A wyvern zombie (D:7)
  3 necrophages (D:7)
  8 bullfrogs
  4 scorpions
  10 wights
  6 howler monkeys
  2 centaur zombies (D:7)
  5 hounds
  A small abomination (Shoals:1)
  22 orc priests
  A human zombie (D:7)
  25 orc wizards
  6 hell rats (Lair:5)
  2 killer bee zombies (D:7)
  2 mummies (D:7)
  8 adders
  17 gnolls
  2 river rats (Sewer)
  2 shadow imps
  5 white imps
  An ufetubus (D:7)
  2 worms
  2 dart slugs (D:2)
  65 orcs
  12 endoplasms
  6 giant cockroaches
  18 goblins
  11 hobgoblins
  12 jackals
  3 quokkas
  12 ball pythons
  7 bats
  4 frilled lizards
  21 kobolds
  7 rats
  A butterfly (Lair:6)
727 creatures vanquished.

Vanquished Creatures (collateral kills)
  Donald (Shoals:2)
  An orc warlord (Bailey)
  A merfolk javelineer (Shoals:2)
  A satyr (Shoals:2)
  5 fauns
  A merfolk siren (Shoals:1)
  3 orc warriors (Bailey)
  3 gnolls (Bailey)
  An orc (Bailey)
  3 goblins (Bailey)
  A butterfly (Lair:6)
21 creatures vanquished.

Vanquished Creatures (others)
  3 kobolds (D:8)
  14 fungi
  32 plants
  A withered plant (D:14)
50 creatures vanquished.

Grand Total: 798 creatures vanquished

Notes
Turn   | Place    | Note
-------+----------+-------------------------------------------
     0 | D:1      | jejorda2 the Merfolk Berserker began the quest for the Orb.
     0 | D:1      | Reached XP level 1. HP: 18/18 MP: 1/1
   208 | D:1      | Reached XP level 2. HP: 24/24 MP: 2/2
   263 | D:1      | Found a faded altar of an unknown god.
   574 | D:1      | Reached XP level 3. HP: 19/29 MP: 3/3
  1097 | D:1      | Reached ** piety under Trog
  1098 | D:1      | Reached skill level 5 in Polearms
  1376 | D:2      | Reached XP level 4. HP: 37/37 MP: 4/4
  1891 | D:3      | Found a radiant altar of Vehumet.
  1939 | D:3      | Reached XP level 5. HP: 42/42 MP: 5/5
  1972 | D:3      | Found a glowing drain.
  1978 | D:3      | Reached skill level 6 in Polearms
  2020 | Sewer    | Entered a sewer
  2098 | Sewer    | Noticed a kobold brigand
  2103 | Sewer    | Reached *** piety under Trog
  2110 | Sewer    | Killed a kobold brigand
  2111 | Sewer    | Reached XP level 6. HP: 46/49 MP: 6/6
  2130 | Sewer    | Found a white marble altar of Elyvilon.
  2451 | D:3      | Reached skill level 7 in Polearms
  2524 | D:3      | Found a glowing silver altar of Zin.
  2987 | D:4      | Found a shadowy altar of Dithmenos.
  3647 | D:5      | Entered Level 5 of the Dungeon
  3725 | D:5      | Reached skill level 5 in Fighting
  3737 | D:5      | Reached XP level 7. HP: 56/56 MP: 7/7
  3885 | D:5      | Reached skill level 8 in Polearms
  4446 | D:5      | Reached skill level 9 in Polearms
  4551 | D:6      | Reached XP level 8. HP: 58/64 MP: 8/8
  4593 | D:6      | Reached skill level 10 in Polearms
  4715 | D:6      | Reached **** piety under Trog
  4737 | D:6      | Reached skill level 11 in Polearms
  4774 | D:6      | Reached XP level 9. HP: 69/69 MP: 9/9
  4932 | D:6      | Found a shimmering altar of Xom.
  5047 | D:6      | Found a staircase to the Ecumenical Temple.
  5279 | D:7      | Reached skill level 12 in Polearms
  5309 | D:7      | Reached skill level 5 in Armour
  5528 | D:7      | Reached skill level 13 in Polearms
  5850 | D:7      | Reached ***** piety under Trog
  5851 | D:7      | Reached skill level 14 in Polearms
  5869 | D:7      | Reached XP level 10. HP: 74/76 MP: 10/10
  5871 | D:7      | Found an ancient bone altar of Kikubaaqudgha.
  6038 | D:8      | Noticed Gastronok
  6071 | D:8      | Killed Gastronok
  6072 | D:8      | Reached skill level 15 in Polearms
  6126 | D:8      | Noticed Maurice
  6167 | D:8      | Reached skill level 1 in Throwing
  6264 | D:8      | Killed Maurice
  6397 | D:8      | Found a snail-covered altar of Cheibriados.
  6400 | D:8      | Noticed Maggie
  6413 | D:8      | Killed Maggie
  6414 | D:8      | Reached skill level 16 in Polearms
  6871 | D:9      | Reached skill level 5 in Dodging
  6889 | D:9      | Found a staircase to the Lair.
  6902 | D:9      | Noticed Harold
  6910 | D:9      | Killed Harold
  6911 | D:9      | Reached XP level 11. HP: 81/81 MP: 11/11
  6917 | D:9      | Found a flagged portal.
  6945 | Bailey   | Entered a bailey
  6963 | Bailey   | Reached skill level 17 in Polearms
  7044 | Bailey   | Received a gift from Trog
  7084 | Bailey   | Noticed an orc knight
  7097 | Bailey   | Killed an orc knight
  7118 | Bailey   | Noticed an orc warlord
  7157 | Bailey   | Noticed an orc knight
  7167 | Bailey   | Killed an orc knight
  7207 | Bailey   | Killed an orc warlord
  7208 | Bailey   | Reached skill level 18 in Polearms
  7325 | Bailey   | Noticed an orc knight
  7335 | Bailey   | Killed an orc knight
  7416 | Bailey   | Reached skill level 20 in Polearms
  7416 | Bailey   | Reached XP level 12. HP: 92/92 MP: 12/12
  7478 | D:9      | Noticed Joseph
  7492 | D:9      | Killed Joseph
  7697 | D:9      | Identified the +2 robe of Uskayaw, Growing {rPois Str-4
                  | Int+2 Dex+3}
  7719 | D:9      | Identified the +1 leather armour "Raota" {Int+5 Stlth-}
  7744 | D:9      | Noticed a two-headed ogre
  7752 | D:9      | Killed a two-headed ogre
  8235 | D:10     | Entered Level 10 of the Dungeon
  8930 | D:10     | Found a staircase to the Orcish Mines.
  8934 | D:10     | Found Ditt's Armour Emporium.
  9559 | D:11     | Reached skill level 5 in Throwing
  9604 | D:11     | Noticed Erica
  9612 | D:11     | Killed Erica
  9613 | D:11     | Reached XP level 13. HP: 97/98 MP: 13/13
 10692 | Lair:1   | Entered Level 1 of the Lair of Beasts
 11280 | Lair:1   | Reached XP level 14. HP: 105/105 MP: 14/14
 11344 | Lair:1   | Identified the ring "Ziups" {+Blink rN+ Dex+6 Slay+2 SInv}
 11404 | Lair:1   | Reached skill level 1 in Evocations
 11573 | Lair:1   | Identified the +0 leather armour "Puuh" {rPois rN++ Int-3}
 11847 | Lair:2   | Found a staircase to the Shoals.
 12122 | Lair:2   | Found a staircase to the Snake Pit.
 12507 | Lair:2   | Reached skill level 10 in Armour
 13125 | Lair:3   | Noticed Amaemon
 13135 | Lair:3   | Killed Amaemon
 13164 | Lair:3   | Found a gate leading to a gauntlet.
 13189 | Lair:3   | Reached skill level 5 in Evocations
 13286 | Gauntlet | Entered a Gauntlet
 13286 | Gauntlet | Found a transporter.
 13286 | Gauntlet | Found a transporter.
 13512 | Gauntlet | Found a transporter.
 13530 | Gauntlet | Found a transporter.
 13530 | Gauntlet | Found a transporter.
 13532 | Gauntlet | Found a transporter.
 13532 | Gauntlet | Found a transporter.
 13533 | Gauntlet | Found a transporter.
 13537 | Gauntlet | Found a runed translucent door.
 13537 | Gauntlet | Found a runed translucent door.
 13537 | Gauntlet | Noticed a dire elephant
 13544 | Gauntlet | Found a transporter.
 13560 | Gauntlet | Found a transporter.
 13570 | Gauntlet | Found a transporter.
 13575 | Gauntlet | Found a transporter.
 13609 | Gauntlet | Found a transporter.
 13626 | Gauntlet | Found a transporter.
 13999 | Gauntlet | Identified the +1 pair of boots of Magic {+Blink Fly rF-
                  | Str+3}
 14103 | Gauntlet | Identified the +3 ring mail "Qaoh" {*Slow +Inv rN++ SInv}
 14302 | Gauntlet | Identified the +3 buckler of Inquiry {Regen+}
 14578 | Lair:3   | Identified the +7 whip "Enoshr Cuor" {vorpal, Stlth+}
 15275 | Lair:4   | Identified the +3 long sword of the Girdle {flame, *Slow
                  | rElec rF++ Stlth-}
 16669 | Lair:5   | Noticed Sonja
 16670 | Lair:5   | Noticed Sonja
 16670 | Lair:5   | Sonja changed into Sonja the wyvern
 16679 | Lair:5   | Killed Sonja the wyvern
 17320 | Lair:5   | Reached XP level 15. HP: 109/110 MP: 15/15
 17488 | Lair:6   | Entered Level 6 of the Lair of Beasts
 18771 | Lair:6   | Found a staircase to the Slime Pits.
 18771 | Lair:6   | Found a viscous altar of Jiyva.
 19316 | Lair:6   | Reached skill level 10 in Fighting
 20005 | Lair:6   | Received a gift from Trog
 20725 | D:12     | Found a shimmering blue altar of Sif Muna.
 20868 | D:12     | Noticed Nessos
 20886 | D:12     | Killed Nessos
 21405 | D:13     | Found Baylops's Weapon Boutique.
 21981 | D:13     | Found a gate to the Vaults.
 22143 | D:13     | Reached skill level 10 in Throwing
 22860 | D:14     | Noticed Snorg
 22872 | D:14     | Killed Snorg
 23164 | D:14     | Noticed Agnes
 23174 | D:14     | Killed Agnes
 23459 | D:14     | You fall into a shaft and drop 1 floor!
 23459 | D:15     | Entered Level 15 of the Dungeon
 23505 | D:15     | Reached XP level 16. HP: 126/126 MP: 16/16
 23874 | D:15     | Received a gift from Trog
 24204 | D:15     | Noticed Josephine
 24215 | D:15     | Killed Josephine
 26329 | D:15     | Found a staircase to the Depths.
 26899 | Orc:1    | Entered Level 1 of the Orcish Mines
 27249 | Orc:1    | Noticed Jorgrun
 27263 | Orc:1    | Killed Jorgrun
 27494 | Orc:2    | Entered Level 2 of the Orcish Mines
 27935 | Orc:2    | Received a gift from Trog
 28052 | Orc:2    | Found a staircase to the Elven Halls.
 28589 | Orc:2    | Paralysed by an orc sorcerer for 4 turns
 29160 | Orc:2    | Found Reutt's Antique Weapon Shoppe.
 29160 | Orc:2    | Found Onugon's Assorted Antiques.
 29167 | Orc:2    | Found Gour Afiapp's Assorted Antiques.
 29167 | Orc:2    | Found Geyxtir's Book Shoppe.
 29179 | Orc:2    | Bought a scroll labelled FENKUV IWNAR for 29 gold pieces
 29738 | Orc:1    | You fall into a shaft and drop 1 floor!
 29759 | Orc:1    | Received a gift from Trog
 29829 | Orc:1    | Found Lodoliy's Assorted Antiques.
 30014 | Shoals:1 | Entered Level 1 of the Shoals
 30115 | Shoals:1 | Reached skill level 21 in Polearms
 30698 | Shoals:1 | Found a runed translucent door.
 30705 | Shoals:1 | Found a corrupted altar of Lugonu.
 30711 | Shoals:1 | Found a one-way gate to the infinite horrors of the Abyss.
 30711 | Shoals:1 | Found the amulet of Vitality {RegenMP++ Regen++}
 31065 | Shoals:1 | Found a runed translucent gate.
 31065 | Shoals:1 | Found a runed translucent gate.
 31066 | Shoals:1 | Found a runed translucent gate.
 31067 | Shoals:1 | Noticed chrisa4242's ghost (journeyman GrAK)
 31194 | Shoals:1 | Reached XP level 17. HP: 105/139 MP: 17/17
 31320 | Shoals:1 | Noticed a titan
 31479 | Shoals:1 | Killed a titan
 31986 | Shoals:2 | Noticed Donald
 31986 | Shoals:2 | Found Onnaamm's Jewellery Shoppe.
 31993 | Shoals:2 | Noticed Ilsuiw
 31997 | Shoals:2 | Killed Donald
 32012 | Shoals:2 | Killed from afar by Ilsuiw

Illustrated notes

Levels and vault maps discovered:
D:1:      dpeg_arrival_simpleton_a, layout_basic,
          chequers_ecumenical_altar_simple_redux, serial_park_tiny_pond,
          nicolae_figureground_sparkle
D:2:      layout_loops_ring, chequers_serial_rivers_micro_c
D:3:      layout_loops_ring, mainiacjoe_overflow_alcove_2,
          mainiacjoe_overflow_paths, portal_sewer_entry_b, grunt_decor_junction,
          chequers_decorated_corner
D:4:      layout_basic, overflow_temple_1_default
D:5:      wander_river, layout_basic, dk_noncrumbling_4,
          chequers_serial_rivers_micro_b, minmay_liquid_box,
          kennysheep_pointless_box
D:6:      layout_rooms, xom_butterflies, minmay_temple_entry_glassed_door
D:7:      layout_rooms, lemuel_mausoleum_altar_kikubaaqudgha
D:8:      layout_basic, cheibriados_altar_2, uniq_gastronok, uniq_maurice,
          uniq_maggie
D:9:      layout_basic, lair_entry_dummy, enter_bailey_7, uniq_joseph,
          uniq_harold
D:10:     layout_basic, orc_david_3
D:11:     layout_cave_pools, corexii_corridor_pit, uniq_erica
D:12:     layout_stronghold, nicolae_sif_muna_condensation, uniq_nessos
D:13:     layout_loops_cross, david_vaults_4, serial_shops,
          nicolae_shop_statue_plus
D:14:     layout_grid_maze, minmay_misc_feat_pillars, argonaut_gorgonesque,
          uniq_snorg, uniq_agnes
D:15:     grunt_enter_depths_snipers, layout_loops_cross, hangedman_glass_teeth,
          minmay_protected_statue, uniq_josephine
Lair:1:   layout_misc_corridors, grunt_megastairs_4
Lair:2:   layout_regular_city, elwin_shoals_entry_rocks,
          guppyfry_snake_entry_island, lemuel_old_faithful
Lair:3:   layout_misc_corridors, gauntlet_entry_generic, uniq_amaemon
Lair:4:   nzn_winding_woodlands_three_and_one
          [nzn_winding_woodlands_5x15_garden, nzn_winding_woodlands_5x15_eye,
          nzn_winding_woodlands_5x15_crooked,
          nzn_winding_woodlands_center_diamonds], layout_long_grid
Lair:5:   layout_cave_shapes, serial_bayou_shore_b, uniq_sonja
Lair:6:   minmay_lair_end_enchanted_forest, layout_cave_pods, slime_altar_1,
          lemuel_fruit_fields, serial_bayou_shore_b, grunt_megastairs_2
Shoals:1: cheibrodos_shoals_gigantism, layout_shoals,
          gammafunk_ghost_tricky_traps, nicolae_shoals_abyss_on_the_beach
Shoals:2: cheibrodos_shoals_roost, layout_shoals, serial_shops,
          nicolae_shop_advertising_works [nicolae_subvault_shop_adworks],
          uniq_donald, uniq_ilsuiw
Orc:1:    layout_caves, serial_shops, shop, uniq_jorgrun
Orc:2:    grunt_orc_tribal_feast, layout_caves, mines4_lemuel

Skill      XL: |  1  2  3  4  5  6  7  8  9 10 11 12 13 14 15 16 |
---------------+-------------------------------------------------+-----
Polearms       | 5 6 7 9 11 14 16 20 21 | 21.8
Armour         | 2 3 4 5 6 7 9 11 12 | 12.0
Fighting       | 4 5 6 8 11 14 | 14.0
Dodging        | 6 |  6.0
Throwing       | 2 5 7 10 13 | 13.6
Evocations     | 7 |  7.0

Action                   |  1- 3 |  4- 6 |  7- 9 | 10-12 | 13-15 | 16-18 || total
-------------------------+-------+-------+-------+-------+-------+-------++-------
Melee: Spear             |   147 |   268 |    29 |       |       |       ||   444
       Punch             |     1 |     4 |       |       |     1 |       ||     6
       Tailslap          |       |     5 |     3 |       |       |     4 ||    12
       Halberd           |       |       |   321 |    91 |     3 |    15 ||   430
       Glaive            |       |       |       |   306 |   923 |   622 ||  1851
       Trident           |       |       |       |       |   109 |       ||   109
Throw: Stone             |    19 |     7 |     5 |    23 |    11 |       ||    65
       Dart              |       |       |       |     5 |    20 |    17 ||    42
       Boomerang         |       |       |       |     1 |     6 |     5 ||    12
       Throwing net      |       |       |       |     1 |       |       ||     1
Invok: Berserk           |       |     2 |     4 |    13 |    14 |    12 ||    45
       Trog's Hand       |       |       |     2 |     7 |     5 |     6 ||    20
       Brothers in Arms  |       |       |       |     4 |     1 |     2 ||     7
Evoke: Wand              |       |       |       |       |     2 |     1 ||     3
  Use: Scroll            |       |    16 |     5 |     4 |     6 |     8 ||    39
       Potion            |       |       |     1 |     1 |     2 |     1 ||     5
 Stab: Sleeping          |     4 |       |       |       |       |       ||     4
       Distracted        |       |       |       |     1 |     1 |       ||     2
       Petrified         |       |       |       |       |     1 |       ||     1
Armor: Animal skin       |    16 |       |       |       |       |       ||    16
       Ring mail         |     5 |    45 |       |       |       |       ||    50
       Chain mail        |       |    17 |    94 |       |       |    80 ||   191
       Plate armour      |       |       |    44 |       |       |       ||    44
       Scale mail        |       |       |    33 |    95 |   301 |    90 ||   519
Dodge: Dodged            |    86 |    87 |   114 |   106 |   618 |   394 ||  1405

Table legend: (Time is in decaauts)
 A = Elapsed time spent in this place.
 B = Non-inter-level travel time spent in this place.
 C = Inter-level travel time spent in this place.
 D = Time resting spent in this place.
 E = Time spent auto-exploring this place.
 F = Levels seen in this place.
 G = Mean time per level.
                   A        B        C        D        E       F      G
               +--------+--------+--------+--------+--------+-----+--------+
         Total |  31400 |  29777 |   1623 |   5129 |  19682 |  28 | 1121.4 |
       Dungeon |  16746 |  15724 |   1022 |   2019 |  11118 |  15 | 1116.4 |
          Lair |   8388 |   7954 |    434 |   1352 |   5530 |   6 | 1398.0 |
        Shoals |   1763 |   1732 |     31 |    215 |   1221 |   2 |  881.5 |
  Orcish Mines |   2792 |   2657 |    135 |   1036 |   1126 |   2 | 1396.0 |
         Sewer |    133 |    133 |      0 |      0 |     91 |   1 |  133.0 |
        Bailey |    529 |    529 |      0 |     93 |    152 |   1 |  529.0 |
      Gauntlet |   1046 |   1046 |      0 |    410 |    443 |   1 | 1046.0 |
               +--------+--------+--------+--------+--------+-----+--------+

Top non-repeatable levels by time:
  Lair:6: 2159 daAuts
    D:15: 2139 daAuts
    D:14: 2130 daAuts
Shoals:1: 1746 daAuts
  Lair:5: 1692 daAuts
   Orc:2: 1624 daAuts
    D:10: 1394 daAuts
  Lair:2: 1337 daAuts
  Lair:4: 1287 daAuts
     D:9: 1177 daAuts
   Orc:1: 1168 daAuts
     D:1: 1167 daAuts
    D:13: 1155 daAuts
    D:11: 1151 daAuts
  Lair:1: 1105 daAuts
